 Dungeon Crawl Stone Soup version 0.24-a0-408-gcc1054c (webtiles) character file.

Game seed: 15208149944680924197

121674 AlmondAAA the Destroyer (level 16, -4/104 HPs)
             Began as a Tengu Air Elementalist on June 6, 2019.
             Was a Follower of Uskayaw.
             Killed from afar by a thorn hunter (26 damage)
             ... with a volley of thorns
             ... on level 4 of the Swamp.
             The game lasted 02:09:14 (45500 turns).

AlmondAAA the Destroyer (Tengu Air Elementalist)   Turns: 45500, Time: 02:09:15

Health: -4/104     AC: 19    Str: 17    XL:     16   Next: 85%
Magic:  5/27       EV: 21    Int: 27    God:    Uskayaw [*.....]
Gold:   1090       SH:  5    Dex: 17    Spells: 2/29 levels left

rFire    + . .     SeeInvis +   W - +5 short sword of Freehold {drain, Str+5}
rCold    . . .     Gourm    .   i - +0 buckler
rNeg     . . .     Faith    .   Z - +0 swamp dragon scales
rPois    +         Spirit   .   F - +2 hat
rElec    .         Reflect  .   a - +2 cloak {+Inv}
rCorr    .         Harm     .   g - +2 pair of gloves
MR       +....                  (boots unavailable)
Stlth    ++++......             (no amulet)
HPRegen  0.27/turn              l - ring of wizardry
MPRegen  0.20/turn              S - ring of Lal Rofi {+Blink +Fly rF+ Int+4 SInv}

@: lethally poisoned (-4 -> -6), flying quickly and evasively, very slightly
contaminated, starving, quick
A: beak, talons 3, rugged brown scales 1, agile 1, clever 1, strong 1, able to
fly
a: Stop Flying, Stomp, Renounce Religion, Evoke Blink, Evoke Invisibility


You were on level 4 of the Swamp.
You worshipped Uskayaw.
Uskayaw was pleased with you.
You were starving.

You visited 4 branches of the dungeon, and saw 24 of its levels.
You also visited: Sewer.

You collected 2130 gold pieces.
You spent 1040 gold pieces at shops.

Inventory:

Hand Weapons
 E - a +7 dagger of venom
 W - the +5 short sword of Freehold (weapon) {drain, Str+5}
   (You bought it in a shop on level 2 of the Orcish Mines)

   A truly terrible weapon, it drains the life of those it strikes.
   It affects your strength (+5).
 Y - a +4 rapier of electrocution
Missiles
 r - 118 poisoned darts (quivered)
 R - 2 curare-tipped darts
Armour
 a - a +2 cloak of invisibility (worn)
 g - a +2 pair of gloves (worn)
 i - a +0 buckler (worn)
 j - the +1 scale mail of Honour {+Inv rElec rCorr}
   (You found it on level 8 of the Dungeon)

   It insulates you from electricity.
   It lets you turn invisible.
   It provides partial protection from all sources of acid and corrosion.
 m - a +0 shield of reflection
 F - a +2 hat (worn)
 I - a +0 troll leather armour
 Z - +0 swamp dragon scales (worn)
Jewellery
 h - an uncursed ring of resist corrosion
 l - a ring of wizardry (left hand)
 x - an uncursed ring of protection from magic
 y - an uncursed ring of protection from fire
 H - an uncursed ring of protection from magic
 S - the ring of Lal Rofi (right hand) {+Blink +Fly rF+ Int+4 SInv}
   (You found it on level 3 of the Lair of Beasts)

   [ring of flight]

   It affects your intelligence (+4).
   It protects you from fire.
   It lets you see invisible.
   It lets you fly.
   It lets you blink.
Wands
 t - a wand of paralysis (8)
 v - a wand of flame (11)
 B - a wand of random effects (54)
 C - a wand of disintegration (3)
 G - a wand of polymorph (42)
 J - a wand of digging (5)
 P - a wand of enslavement (6)
 T - a wand of clouds (6)
Scrolls
 b - 4 scrolls of identify
 d - 2 scrolls of immolation
 e - 11 scrolls of remove curse
 f - 12 scrolls of teleportation
 k - 2 scrolls of fog
 o - 5 scrolls of amnesia
 q - 3 scrolls of vulnerability
 D - a scroll of holy word
 M - 2 scrolls of enchant armour
 N - 2 scrolls of magic mapping
 O - a scroll of enchant weapon
 U - a scroll of silence
Potions
 n - 3 potions of berserk rage
 s - 2 potions of haste
 u - a potion of might
 z - 2 potions of curing
 L - 2 potions of ambrosia
 Q - a potion of agility
 X - a potion of cancellation
Miscellaneous
 K - a lamp of fire
 V - a phial of floods
Comestibles
 c - 15 rations


   Skills:
 - Level 12.0 Fighting
 - Level 10.0 Short Blades
   Level 1.0 Staves
 - Level 8.0 Armour
 - Level 10.0 Dodging
 - Level 10.0 Stealth
 - Level 4.0 Shields
 + Level 7.2 Spellcasting
 - Level 14.0 Conjurations
 - Level 2.0 Charms
 - Level 12.0 Air Magic
 - Level 12.0 Invocations
 - Level 5.3 Evocations


You had 2 spell levels left.
You knew the following spells:

 Your Spells              Type           Power        Failure   Level  Hunger
a - Shock                 Conj/Air       ####         1%          1    None
b - Swiftness             Chrm/Air       #####...     1%          2    None
c - Static Discharge      Conj/Air       ######..     1%          3    None
d - Airstrike             Air            ######....   1%          4    ##.....
e - Lightning Bolt        Conj/Air       ######....   1%          5    #####..
f - Iskenderun's Battles  Conj/Chrm      ######..     4%          5    #####..
g - Orb of Destruction    Conj           ######....   11%         7    #######

Your spell library contained the following spells:

 Spells                   Type           Power        Failure   Level  Hunger
 Flame Tongue             Conj/Fire      #####        1%          1    None
 Throw Flame              Conj/Fire      #####.       1%          2    None
 Throw Frost              Conj/Ice       #####.       1%          2    None
 Beastly Appendage        Tmut           #.....       4%          1    None
 Confusing Touch          Hex            #.....       4%          1    None
 Freeze                   Ice            #...         4%          1    None
 Sticks to Snakes         Tmut           #.......     6%          2    None
 Conjure Flame            Conj/Fire      #####...     1%          3    None
 Sticky Flame             Conj/Fire      #####...     2%          4    ##.....
 Throw Icicle             Conj/Ice       #####...     2%          4    ##.....
 Fireball                 Conj/Fire      #####.....   6%          5    #####..
 Venom Bolt               Conj/Pois      #####.....   6%          5    #####..
 Ozocubu's Armour         Chrm/Ice       ###.....     8%          3    None
 Call Canine Familiar     Summ           #.......     12%         3    None
 Confuse                  Hex            #.......     12%         3    None
 Gell's Gravitas          Tloc           #.........   12%         3    None
 Inner Flame              Hex/Fire       #.......     12%         3    None
 Spider Form              Tmut/Pois      #.........   12%         3    None
 Summon Guardian Golem    Hex/Summ       #.......     12%         3    None
 Bolt of Magma            Conj/Fire/Erth #####.....   16%         5    #####..
 Iron Shot                Conj/Erth      #####.....   32%         6    ######.
 Ice Form                 Ice/Tmut       #.......     34%         4    ##.....
 Leda's Liquefaction      Hex/Erth       #.........   34%         4    ##.....
 Petrify                  Tmut/Erth      #.......     34%         4    ##.....
 Summon Ice Beast         Ice/Summ       #.......     34%         4    ##.....
 Blade Hands              Tmut           #.........   69%         5    #####..
 Metabolic Englaciation   Hex/Ice        #.........   69%         5    #####..
 Summon Forest            Summ/Tloc      #.........   69%         5    #####..
 Summon Mana Viper        Hex/Summ       #.......     69%         5    #####..
 Yara's Violent Unravell  Hex/Tmut       #.........   69%         5    #####..
 Spellforged Servitor     Conj/Summ      #####.....   86%         7    #######


Dungeon Overview and Level Annotations

Branches:
Dungeon (12/15)            Temple (0/1) D:4            Lair (6/6) D:11
  Swamp (4/4) Lair:3       Spider (0/4) Lair:3        Slime (0/5) Lair:6
    Orc (2/2) D:9             Elf (0/3) Orc:2

Altars:
Elyvilon
Fedhas
Gozag
Hepliaklqana
Uskayaw
Wu Jian
Xom
Yredelemnul
Zin
The Shining One
Jiyva

Shops:
D:9 (   Orc:2 %:%(

Portals:
Pandemonium: Orc:2

Annotations:
D:5 2 transporters
Lair:1 3 runed translucent doors, exclusion: oklob plant, FilthyApe's ghost, novice MiFi; Sumif's ghost, novice GrFE; ezpacito's ghost, journeyman DsCK; withersans's ghost, journeyman SpWn
Lair:4 Rupert
Lair:5 exclusions: downstairs and oklob plant
Swamp:1 3 runed translucent doors, exclusion: Donald, AlmondAAA's ghost, adept TeCj; topirishpotato's ghost, journeyman BaSu; xfalz's ghost, adept HOMo


Innate Abilities, Weirdness & Mutations

You have a beak for a mouth.
You have claws for feet.
You can fly continuously.
You are partially covered in rugged brown scales. (AC +1, +3% HP)
You are agile. (Dex +2)
Your mind is acute. (Int +2)
Your muscles are strong. (Str +2)


Message History

You assume a fearsome visage.
The swamp dragon looks frightened!
The swamp dragon roars deafeningly!
The six-headed hydra looks frightened!
Unknown command.
Cornered, the swamp dragon turns to fight!
The swamp dragon breathes poison at you.
The blast of poison engulfs you.
You are poisoned.
You resist.
* * * LOW HITPOINT WARNING * * *
You feel sick.
You feel sick.
The six-headed hydra seems to regain its courage.
There is a stone staircase leading up here.
Unknown command.
You are starving!
The swamp dragon misses you. The swamp dragon closely misses you. x2
The thorn hunter fires a volley of thorns at you.
The volley of thorns hits you!!
You die...

.≈≈≈≈≈. ♣.≈≈≈.. .. ≈§
≈.≈≈..♣ ≈♣♣≈. ≈≈≈...♣♣♣
♣♣ ♣♣♣♣..≈≈. .....≈♣♣
♣♣≈♣♣.≈≈≈≈... ♣♣♣.§≈.≈♣
♣.≈≈≈.≈≈≈≈≈≈. ♣≈≈♣.≈≈.♣
♣≈≈≈≈D≈≈≈≈≈≈.
♣.≈≈..≈.♣♣♣≈..≈≈≈≈≈....
♣♣≈≈≈..≈.♣≈..≈.f@......♣
≈♣♣...≈§..≈...♣D♣♣♣♣...♣
≈≈........≈§≈♣♣☼○°≈♣ ♣
≈≈≈≈≈≈≈§≈≈≈≈♣♣☼≈☼○≈♣
≈≈≈≈≈≈≈≈≈≈≈..☼°°☼°♣♣
≈≈≈≈≈≈...♣♣♣♣♣○≈≈♣♣
≈≈.≈.PP.♣♣♣♣♣♣♣≈≈≈♣♣♣♣♣♣
PP≈♣♣♣♣♣♣♣♣.♣♣♣♣≈♣♣♣...♣
PP♣♣♣♣♣♣♣♣≈.≈≈≈≈..≈.≈≈≈♣


You could see a thorn hunter, a six-headed hydra and a swamp dragon.

Vanquished Creatures
  Nikola (Swamp:1)
  Gastronok (Lair:1)
  Kirke (Swamp:3)
  2 thorn hunters (Swamp:3)
  Donald (Swamp:1)
  Nessos (Lair:4)
  Snorg (Lair:4)
  A ghost crab (Swamp:3)
  A catoblepas (Lair:3)
  19 hydras
  An anaconda (Lair:6)
  8 alligators
  2 two-headed ogres
  3 shambling mangroves (Swamp:3)
  8 orc high priests (Orc:2)
  12 spriggans
  Sonja (Lair:4)
  A sun demon (Orc:2)
  A sixfirhy (Orc:2)
  An unseen horror (D:8)
  A gelid demonspawn (Orc:2)
  2 spriggan druids (Swamp:3)
  8 swamp dragons
  An infernal demonspawn (Orc:2)
  5 orc knights
  4 orc sorcerers
  A wolf spider (Lair:6)
  Joseph (D:7)
  9 black mambas
  16 spiny frogs
  Psyche (D:11)
  A guardian serpent (Lair:6)
  3 rime drakes
  4 komodo dragons
  A hellwing (Orc:2)
  4 trolls
  A red devil (Orc:2)
  An ice devil (Orc:2)
  10 polar bears
  19 hornets
  Prince Ribbit (D:8)
  6 bog bodies
  5 slime creatures (Swamp:3)
  9 tyrant leeches
  30 blink frogs
  10 hippogriffs
  6 raiju (Lair:6)
  5 dream sheep (Lair:5)
  Sigmund (D:2)
  A shadow (Swamp:1)
  5 redbacks
  A wraith (D:11)
  A vampire (D:11)
  40 yaks
  A hog (Swamp:3)
  12 wyverns (Lair:6)
  A neqoxec (Orc:2)
  A hungry ghost (D:6)
  2 chaos spawn (Orc:2)
  3 basilisks
  23 vampire mosquitoes
  11 wargs
  11 insubstantial wisps (Swamp:2)
  12 swamp worms
  11 hell hounds (Lair:6)
  6 porcupines
  Duvessa (D:5)
  16 water moccasins
  13 swamp drakes
  3 ice beasts
  An eye of draining (D:10)
  25 orc warriors
  2 sky beasts
  12 black bears
  16 wolves (Lair:6)
  7 ogres
  6 centaurs
  12 crocodiles
  16 bullfrogs
  2 wyvern zombies
  Dowan (D:5)
  6 scorpions
  13 killer bees (D:8)
  8 wights
  An electric eel (Lair:3)
  2 howler monkeys (D:9)
  2 lava snakes (D:9)
  2 crimson imps
  2 quasits
  A centaur zombie (D:6)
  22 orc priests
  11 orc wizards
  5 hounds
  2 bullfrog skeletons
  7 jellies
  A gnoll shaman (D:4)
  2 centaur skeletons
  An iguana (D:2)
  4 worker ants
  2 hound zombies
  A hound skeleton (D:10)
  A worker ant zombie (D:8)
  18 gnolls
  8 adders
  5 shadow imps
  15 oozes
  3 adder skeletons (D:5)
  5 worms
  5 leopard geckos
  66 orcs
  15 bats
  6 giant cockroaches
  13 hobgoblins
  21 jackals
  6 kobolds
  6 quokkas
  6 ball pythons
  5 frilled lizards
  10 goblins
  A leopard gecko skeleton (D:6)
  6 rats
  3 fungi
  A plant (Lair:6)
828 creatures vanquished.

Vanquished Creatures (others)
  An unseen horror (D:11)
  A spiny frog (Swamp:1)
  5 humans (Swamp:3)
  2 briar patches (Swamp:4)
  28 fungi
  33 plants (Lair:6)
70 creatures vanquished.

Grand Total: 898 creatures vanquished

Notes
Turn   | Place    | Note
-------+----------+-------------------------------------------
     0 | D:1      | AlmondAAA the Tengu Air Elementalist began the quest for
                  | the Orb.
     0 | D:1      | Reached XP level 1. HP: 10/10 MP: 4/4
   315 | D:1      | Reached XP level 2. HP: 15/15 MP: 3/6
   703 | D:1      | Reached skill level 5 in Air Magic
   703 | D:1      | Reached XP level 3. HP: 19/19 MP: 2/7
  1358 | D:2      | Reached skill level 2 in Conjurations
  1358 | D:2      | Reached XP level 4. HP: 24/24 MP: 1/9
  1557 | D:2      | Noticed Sigmund
  1615 | D:2      | Gained mutation: Your mind is acute. (Int +2) [potion of
                  | mutation]
  1615 | D:2      | Gained mutation: You are partially covered in rugged brown
                  | scales. (AC +1, +3% HP) [potion of mutation]
  1615 | D:2      | Gained mutation: Your muscles are strong. (Str +2) [potion
                  | of mutation]
  1615 | D:2      | Gained mutation: You are agile. (Dex +2) [potion of
                  | mutation]
  1644 | D:2      | Killed Sigmund
  1644 | D:2      | Reached skill level 3 in Conjurations
  1644 | D:2      | Gained mutation: You can fly continuously. [Tengu growth]
  1644 | D:2      | Reached XP level 5. HP: 28/28 MP: 5/11
  1644 | D:2      | Reached XP level 6. HP: 32/32 MP: 5/12
  2168 | D:3      | Found a glowing drain.
  2185 | Sewer    | Entered a sewer
  2440 | Sewer    | Reached skill level 4 in Conjurations
  3138 | D:3      | Reached skill level 1 in Fighting
  3139 | D:3      | Found a hide-covered altar of Uskayaw.
  3145 | D:3      | Reached XP level 7. HP: 16/40 MP: 4/14
  3223 | D:3      | Became a worshipper of Uskayaw the Reveler
  3280 | D:3      | Reached * piety under Uskayaw
  3528 | D:4      | Reached ** piety under Uskayaw
  3535 | D:4      | Learned a level 2 spell: Swiftness
  3539 | D:4      | Learned a level 3 spell: Static Discharge
  3544 | D:4      | Learned a level 4 spell: Airstrike
  3677 | D:4      | Found a staircase to the Ecumenical Temple.
  3849 | D:4      | Reached *** piety under Uskayaw
  3858 | D:4      | Reached **** piety under Uskayaw
  4067 | D:5      | Entered Level 5 of the Dungeon
  4103 | D:5      | Found a transporter.
  4118 | D:5      | Found a basalt altar of Yredelemnul.
  4155 | D:5      | Noticed Duvessa
  4190 | D:5      | Killed Duvessa
  4190 | D:5      | Reached skill level 1 in Short Blades
  4353 | D:5      | Noticed Dowan
  4356 | D:5      | Killed Dowan
  4463 | D:5      | Reached XP level 8. HP: 47/47 MP: 9/15
  4647 | D:5      | Found a transporter.
  4860 | D:6      | Reached skill level 1 in Invocations
  5563 | D:6      | Found a glowing silver altar of Zin.
  5581 | D:6      | Found an opulent altar of Gozag.
  5582 | D:6      | Found a hazy altar of Hepliaklqana.
  5639 | D:6      | Reached ***** piety under Uskayaw
  5641 | D:6      | Reached skill level 5 in Short Blades
  5641 | D:6      | Reached XP level 9. HP: 50/51 MP: 7/16
  5644 | D:6      | Reached ****** piety under Uskayaw
  5647 | D:6      | Reached skill level 10 in Air Magic
  5875 | D:6      | Found a glowing golden altar of the Shining One.
  6019 | D:6      | Found a shimmering altar of Xom.
  6091 | D:7      | Noticed Joseph
  6357 | D:6      | Reached skill level 1 in Staves
  6617 | D:7      | Killed Joseph
  6856 | D:7      | Reached skill level 1 in Armour
  7545 | D:8      | Killed an unseen horror
  7545 | D:8      | Reached skill level 5 in Fighting
  7545 | D:8      | Reached skill level 5 in Dodging
  7545 | D:8      | Reached XP level 10. HP: 47/60 MP: 2/17
  7743 | D:8      | Noticed a two-headed ogre
  7765 | D:8      | Killed a two-headed ogre
  8005 | D:8      | Learned a level 5 spell: Lightning Bolt
  8300 | D:8      | Got a spiked scale mail
  8342 | D:8      | Noticed Prince Ribbit
  8352 | D:8      | Killed Prince Ribbit
  8352 | D:8      | Reached skill level 5 in Stealth
  8549 | D:8      | Found an ornate altar of the Wu Jian Council.
  8592 | D:8      | Found a blossoming altar of Fedhas.
  9624 | D:9      | Found Ozoazall's Weapon Boutique.
 11201 | D:8      | Reached XP level 11. HP: 19/71 MP: 1/18
 12122 | D:9      | Identified the +1 scale mail of Honour {+Inv rElec rCorr}
                  | (You found it on level 8 of the Dungeon)
 12467 | D:9      | Found a staircase to the Orcish Mines.
 12532 | D:10     | Entered Level 10 of the Dungeon
 12565 | D:10     | Reached skill level 10 in Fighting
 13656 | D:10     | Reached skill level 1 in Evocations
 13972 | D:11     | Found a staircase to the Lair.
 14056 | D:11     | Noticed Psyche
 14063 | D:11     | Killed an unseen horror
 14063 | D:11     | Reached skill level 5 in Invocations
 14072 | D:11     | Killed Psyche
 14072 | D:11     | Reached skill level 5 in Armour
 14769 | Lair:1   | Entered Level 1 of the Lair of Beasts
 14972 | Lair:1   | Found a runed translucent gate.
 14972 | Lair:1   | Found a runed translucent gate.
 14972 | Lair:1   | Found a runed translucent gate.
 14972 | Lair:1   | Noticed FilthyApe's ghost (novice MiFi)
 14972 | Lair:1   | Noticed Sumif's ghost (novice GrFE)
 14973 | Lair:1   | Noticed withersans's ghost (journeyman SpWn)
 14973 | Lair:1   | Noticed ezpacito's ghost (journeyman DsCK)
 15120 | Lair:1   | Noticed Gastronok
 15310 | Lair:1   | Killed Gastronok
 15310 | Lair:1   | Reached skill level 5 in Evocations
 15310 | Lair:1   | Reached XP level 12. HP: 70/79 MP: 0/19
 15724 | Lair:1   | Found a white marble altar of Elyvilon.
 16931 | Lair:2   | Got a transparent mace
 16932 | Lair:2   | Identified the +6 mace "Yseub" {protect, Str+2} (You found
                  | it on level 2 of the Lair of Beasts)
 18236 | Lair:3   | Found a hole to the Spider Nest.
 18909 | Lair:3   | Reached skill level 5 in Conjurations
 19074 | Lair:3   | Noticed a catoblepas
 19525 | Lair:3   | Reached skill level 5 in Spellcasting
 19561 | Lair:3   | Reached skill level 6 in Conjurations
 19678 | Lair:3   | Got a steaming bone ring
 19680 | Lair:3   | Identified the ring of Lal Rofi {+Blink +Fly rF+ Int+4
                  | SInv} (You found it on level 3 of the Lair of Beasts)
 20095 | Lair:3   | Found a staircase to the Swamp.
 20334 | Lair:3   | Killed a catoblepas
 20420 | Lair:4   | Reached skill level 7 in Conjurations
 20421 | Lair:4   | Reached XP level 13. HP: 71/84 MP: 4/22
 20572 | Lair:4   | Noticed Snorg
 20632 | Lair:4   | Killed Snorg
 21059 | Lair:4   | Noticed Sonja
 21062 | Lair:4   | Killed Sonja
 21229 | Lair:4   | Noticed Rupert
 21529 | Lair:4   | Noticed Nessos
 21538 | Lair:4   | Killed Nessos
 23046 | Lair:5   | You are sucked into a shaft and drop 1 floor!
 23046 | Lair:6   | Entered Level 6 of the Lair of Beasts
 24871 | Lair:6   | Reached skill level 10 in Dodging
 24909 | Lair:5   | Reached XP level 14. HP: 57/90 MP: 2/24
 25342 | Lair:6   | Reached skill level 8 in Conjurations
 25354 | Lair:6   | Paralysed by a hornet for 3 turns
 25357 | Lair:6   | HP: 4/90 [spiny frog (17)]
 26622 | Lair:6   | Reached skill level 10 in Short Blades
 27484 | Lair:6   | Reached skill level 10 in Invocations
 29158 | Lair:6   | Found a runed translucent door.
 29158 | Lair:6   | Found a viscous altar of Jiyva.
 29172 | Lair:6   | Found a staircase to the Slime Pits.
 29600 | Orc:1    | Entered Level 1 of the Orcish Mines
 30428 | Orc:2    | Entered Level 2 of the Orcish Mines
 30553 | Orc:2    | Found a staircase to the Elven Halls.
 31250 | Orc:2    | Found Firuest's Food Boutique.
 31465 | Orc:2    | Found Xivaucw's Food Shop.
 31984 | Orc:2    | Reached XP level 15. HP: 87/94 MP: 9/25
 32743 | Orc:2    | Paralysed by an orc sorcerer for 2 turns
 34710 | Orc:2    | Found Kiogg's Antique Weapon Shoppe.
 34710 | Orc:2    | Found Yshut's Book Emporium.
 34710 | Orc:2    | Found a one-way gate leading to the halls of Pandemonium.
 34725 | Orc:2    | Bought an ichor-stained short sword for 320 gold pieces
 34727 | Orc:2    | Bought a book of Power for 720 gold pieces
 34976 | Swamp:1  | Entered Level 1 of the Swamp
 35055 | Swamp:1  | HP: 2/94 [tyrant leech (22)]
 35549 | Swamp:1  | Noticed Donald
 35995 | Swamp:1  | Noticed Nikola
 36830 | Swamp:1  | Killed Nikola
 36830 | Swamp:1  | Reached skill level 9 in Conjurations
 36830 | Swamp:1  | Reached skill level 1 in Charms
 36834 | Swamp:1  | Identified the +5 short sword of Freehold {drain, Str+5}
                  | (You bought it in a shop on level 2 of the Orcish Mines)
 37201 | Swamp:1  | Found a runed translucent gate.
 37201 | Swamp:1  | Found a runed translucent gate.
 37201 | Swamp:1  | Found a runed translucent gate.
 37202 | Swamp:1  | Noticed topirishpotato's ghost (journeyman BaSu)
 37203 | Swamp:1  | Noticed AlmondAAA's ghost (adept TeCj)
 37204 | Swamp:1  | Noticed xfalz's ghost (adept HOMo)
 37527 | Swamp:1  | Learned a level 5 spell: Iskenderun's Battlesphere
 37635 | Swamp:1  | Killed Donald
 37635 | Swamp:1  | Reached skill level 10 in Stealth
 38447 | Swamp:2  | Reached skill level 1 in Shields
 39163 | Swamp:2  | Got a transparent leather armour
 39174 | Swamp:2  | Identified the +1 leather armour "Dag Nean" {*Contam rC++
                  | rCorr} (You found it on level 2 of the Swamp)
 39446 | Swamp:2  | Reached XP level 16. HP: 76/101 MP: 14/27
 39655 | Swamp:2  | Reached skill level 10 in Conjurations
 41549 | Swamp:3  | Reached skill level 11 in Conjurations
 41627 | Swamp:3  | Noticed Kirke
 41673 | Swamp:3  | Killed Kirke
 42923 | Swamp:4  | Entered Level 4 of the Swamp
 43090 | Swamp:4  | Reached skill level 12 in Conjurations
 43448 | Swamp:4  | Identified the Handbook of Dusty Calling
 43955 | Swamp:4  | Reached skill level 13 in Conjurations
 44005 | Swamp:4  | Noticed a thorn hunter
 44249 | Swamp:3  | Killed a thorn hunter
 44388 | Swamp:4  | Noticed a thorn hunter
 44577 | Swamp:3  | Killed a thorn hunter
 44737 | Swamp:4  | Noticed a thorn hunter
 45204 | Swamp:4  | Reached skill level 14 in Conjurations
 45218 | Swamp:4  | Learned a level 7 spell: Orb of Destruction
 45500 | Swamp:4  | Killed from afar by a thorn hunter

Levels and vault maps discovered:
D:1:      lightli_arrival_noodles, layout_loops_cross, minmay_crystal_water,
          minmay_lizard_pond
D:2:      layout_basic, lightli_corner_chamber, uniq_sigmund
D:3:      layout_loops_ring, eat_drink_and_be_merry_uskayaw,
          cheibrodos_sewer_entry_sluice, guppyfry_early_orc_mine
D:4:      layout_basic, minmay_temple_entry_mini_moons
D:5:      gammafunk_cloud_chamber, layout_rooms, old_standard_altar,
          first_ration, uniq_duvessa
D:6:      layout_basic, tso_altar, marbit_many_paths,
          chequers_temple_overflow_statue_of_worship, corexii_leaking_fountain
D:7:      layout_loops_ring, uniq_joseph
D:8:      layout_layer_cave, lemuel_round_altar, kennysheep_mini,
          uniq_prince_ribbit1
D:9:      layout_big_octagon, minmay_orc_entry_guard_dogs, serial_shops,
          nicolae_shop_behind_doors, hangedman_little_slice_of_home,
          item_on_display_a
D:10:     layout_rooms
D:11:     layout_rooms, lair_entry_dummy, gauntlet_entry_generic, uniq_psyche
D:12:     layout_loops_ring, special_room [special_room_orc]
Lair:1:   layout_hall_layers, gammafunk_ghost_cemetery, lemuel_oklob_altar,
          infiniplex_staircase_pool_2, uniq_gastronok
Lair:2:   layout_hall_layers, minivault_24, nicolae_quartered_pool_little,
          minivault_26
Lair:3:   layout_long_grid, nicolae_swamp_entry_splash_gauntlet,
          spider_nest_entry_webs
Lair:4:   layout_hall_layers, uniq_sonja, uniq_nessos, uniq_rupert, uniq_snorg
Lair:5:   layout_layer_cave
Lair:6:   hangedman_lair_caniforms_friends, layout_regular_city,
          hangedman_lair_tendril_chambers, slime_altar_2, st_stairs_8
Swamp:1:  layout_falls_marsh, gammafunk_ghost_cemetery,
          infiniplex_staircase_pool, swamp_pool1, uniq_donald, uniq_nikola
Swamp:2:  layout_basic_swamp, nicolae_swamp_round_clearing, swamp_pool1
Swamp:3:  layout_basic_swamp, evilmike_swamp_ruin_house_1, swamp_pool2,
          uniq_kirke
Swamp:4:  swamp, layout_basic_swamp, swamp_pool4
Orc:1:    layout_caves
Orc:2:    pf_orc_diabolical, layout_caves

Skill      XL: |  1  2  3  4  5  6  7  8  9 10 11 12 13 14 15 16 |
---------------+-------------------------------------------------+-----
Air Magic      | 5 6 7 8 9 11 12 | 12.0
Conjurations   | 2 3 4 7 8 9 14 | 14.0
Spellcasting   | 3 4 5 6 7 |  7.2
Fighting       | 1 3 5 8 10 12 | 12.0
Short Blades   | 2 5 8 10 | 10.0
Stealth        | 3 6 7 10 | 10.0
Invocations    | 3 6 9 11 12 | 12.0
Staves         | 1 |  1.0
Armour         | 2 5 7 8 |  8.0
Dodging        | 5 6 10 | 10.0
Evocations     | 5 |  5.3
Charms         | 2 |  2.0
Shields        | 2 4 |  4.0

Action                   |  1- 3 |  4- 6 |  7- 9 | 10-12 | 13-15 | 16-18 || total
-------------------------+-------+-------+-------+-------+-------+-------++-------
Melee: Unarmed           |     5 |       |       |       |       |       ||     5
       Kick              |     2 |    17 |    28 |    93 |   199 |    52 ||   391
       Spear             |     7 |    68 |     4 |       |       |       ||    79
       Peck              |       |     5 |    25 |    68 |   114 |    35 ||   247
       Rapier            |       |       |    28 |       |     6 |       ||    34
       Quarterstaff      |       |       |    79 |   176 |       |       ||   255
       Dagger            |       |       |       |   154 |   591 |       ||   745
       Mace              |       |       |       |     3 |       |       ||     3
       Short sword       |       |       |       |       |    71 |   142 ||   213
Throw: Dart              |       |     4 |       |     6 |    21 |     2 ||    33
 Cast: Shock             |    60 |    98 |   179 |   256 |   368 |    91 ||  1052
       Airstrike         |       |       |    16 |   115 |   162 |    65 ||   358
       Static Discharge  |       |       |    10 |    41 |   178 |    30 ||   259
       Swiftness         |       |       |     1 |     1 |     1 |       ||     3
       Lightning Bolt    |       |       |       |     6 |    41 |    41 ||    88
       Iskenderun's Batt |       |       |       |       |     2 |     9 ||    11
       Orb of Destructio |       |       |       |       |       |     1 ||     1
Invok: Stomp             |       |       |       |       |     2 |       ||     2
       Line Pass         |       |       |       |       |     2 |       ||     2
 Abil: Fly               |       |     1 |       |     1 |       |       ||     2
       Evoke Invisibilit |       |       |       |     3 |       |       ||     3
       Stop Flying       |       |       |       |     1 |       |       ||     1
       Evoke Blink       |       |       |       |       |     1 |       ||     1
Evoke: Wand              |       |       |     2 |    17 |    13 |    26 ||    58
       Lamp of fire      |       |       |       |     1 |     1 |     1 ||     3
       Crystal ball of e |       |       |       |       |     3 |       ||     3
  Use: Potion            |       |     3 |     8 |     3 |    10 |     2 ||    26
       Scroll            |       |     5 |     7 |    14 |    14 |     5 ||    45
 Stab: Sleeping          |     2 |     3 |     4 |     8 |     4 |       ||    21
       Paralysed         |       |       |     7 |    35 |    83 |    19 ||   144
       Invisible         |       |       |       |     6 |       |       ||     6
       Confused          |       |       |       |       |     1 |     1 ||     2
  Eat: Chunk             |     2 |     5 |    13 |    35 |    43 |     8 ||   106
       Ration            |       |       |     1 |     9 |    12 |     7 ||    29
Armor: Robe              |     1 |    22 |    35 |    15 |       |       ||    73
       Skin              |       |     6 |    12 |       |       |       ||    18
       Scale mail        |       |       |       |    70 |   207 |       ||   277
       Swamp dragon scal |       |       |       |       |    30 |   118 ||   148
Dodge: Dodged            |     8 |    55 |   106 |   282 |   632 |   283 ||  1366
Block: Buckler           |       |       |       |       |     2 |    75 ||    77

Table legend:
 A = Non-vault XP
 B = Vault XP
 C = Vault XP percentage of total XP
 D = Non-vault monster count
 E = Vault monster count
 F = Vault count percentage of total count
                 A         B        C        D         E       F
            +---------+---------+-------+---------+---------+-------
      Total |  104625 |   69196 |  39.8 |     576 |     249 |  30.2
            +---------+---------+-------+---------+---------+-------
        D:1 |      49 |       2 |   3.9 |      27 |       2 |   6.9
        D:2 |      64 |     238 |  78.8 |      11 |       1 |   8.3
        D:3 |     178 |      24 |  11.9 |      28 |      10 |  26.3
        D:4 |     218 |       0 |   0.0 |      10 |       0 |   0.0
        D:5 |     223 |     227 |  50.4 |      18 |       2 |  10.0
        D:6 |    1404 |       0 |   0.0 |      33 |       0 |   0.0
        D:7 |     667 |     498 |  42.7 |      17 |       1 |   5.6
        D:8 |    3912 |     283 |   6.7 |      38 |       1 |   2.6
        D:9 |    5833 |     823 |  12.4 |      48 |      12 |  20.0
       D:10 |    2970 |       0 |   0.0 |      35 |       0 |   0.0
       D:11 |    2290 |     410 |  15.2 |      15 |       1 |   6.2
     Lair:1 |    2240 |    2193 |  49.5 |       8 |       1 |  11.1
     Lair:2 |    2746 |       0 |   0.0 |      14 |       0 |   0.0
     Lair:3 |    6912 |    1309 |  15.9 |      27 |       7 |  20.6
     Lair:4 |    3881 |    3263 |  45.7 |      19 |       3 |  13.6
     Lair:5 |    6990 |     542 |   7.2 |      28 |       2 |   6.7
     Lair:6 |    8957 |   21170 |  70.3 |      31 |      97 |  75.8
    Swamp:1 |   15839 |    5802 |  26.8 |      37 |       2 |   5.1
    Swamp:2 |    8585 |       0 |   0.0 |      28 |       0 |   0.0
    Swamp:3 |   25390 |   11443 |  31.1 |      53 |      11 |  17.2
    Swamp:4 |    2399 |    3329 |  58.1 |      12 |       8 |  40.0
      Orc:1 |    1217 |       0 |   0.0 |       7 |       0 |   0.0
      Orc:2 |    1661 |   17557 |  91.4 |      32 |      62 |  66.0
      Sewer |       0 |      83 | 100.0 |       0 |      26 | 100.0
            +---------+---------+-------+---------+---------+-------
